Cogmind - Beta 10.1 @@@ ROGUE MODE // 2020.10.28 @ 21:42:10 Player: arcadus Result: Destroyed by as-21588 with Assembled Blade Performance ------------- Evolutions (1) 500 Regions Visited (3) 600 Robots Destroyed (26) 130 Value Destroyed (447) 447 Prototype IDs (0) 0 Alien Tech Used (0) 0 Bonus (0) 0 TOTAL SCORE: 1677 Bonus ------- None Cogmind --------- Core Integrity 0/400 Matter 271/300 Energy 100/100 System Corruption 3% Temperature Cool (0) Movement Core (600) Ox11 Location -9/Mines Parts ------- > --- POWER (1) -------- (None) > --- PROPULSION (2) --- (None) > --- UTILITY (4) ------ Heat Sink Large Storage Unit Large Storage Unit Improved Targeting Computer > --- WEAPON (2) ------- Heavy Assault Rifle > --- INVENTORY (16) --- Heat Sink Heat Sink Cooling System Large Storage Unit ECM Suite Peak State ------------ > --- POWER ------------ Light Nuclear Core > --- PROPULSION ------- Wheel > --- UTILITY ---------- Large Storage Unit Large Storage Unit Improved Targeting Computer Light Armor Plating > --- WEAPON ----------- EM Shotgun Medium Laser > --- INVENTORY -------- Heat Sink Heat Sink Heat Sink Cooling System Large Storage Unit ECM Suite Spread Laser Heavy Assault Rifle Shotgun [Rating: 13] Favorites ----------- Power Light Ion Engine Engine Light Ion Engine Power Core Light Nuclear Core Propulsion Aluminum Leg Leg Aluminum Leg Wheel Wheel Utility Large Storage Unit Device ECM Suite Storage Large Storage Unit Processor Improved Targeting Computer Protection Light Armor Plating Weapon Medium Laser Energy Gun Medium Laser Ballistic Gun Shotgun Launcher Grenade Launcher Build | -11 -10 -9 -9 ------- Run | Scr Mat Mat Min Slots Evolved 2 | . . 2 . Power . | . . . . Propulsion . | . . . . Utility 2 | . . 2 . Weapon . | . . . . Parts Attached 33 | 5 8 11 9 Power 3 | 1 . 1 1 Engine 2 | 1 . 1 . Core 1 | . . . 1 Reactor . | . . . . Propulsion 8 | 2 4 1 1 Treads . | . . . . Leg 5 | . 4 1 . Wheel 3 | 2 . . 1 Hover . | . . . . Flight . | . . . . Utility 8 | . 2 5 1 Device 4 | . 1 2 1 Storage 2 | . 1 1 . Processor 1 | . . 1 . Hackware . | . . . . Protection 1 | . . 1 . Artifact . | . . . . Weapon 14 | 2 2 4 6 Energy Gun 10 | 2 1 3 4 Energy Cannon . | . . . . Ballistic Gun 3 | . . 1 2 Ballistic Cannon . | . . . . Launcher 1 | . 1 . . Special Weapon . | . . . . Impact Weapon . | . . . . Slashing Weapon . | . . . . Piercing Weapon . | . . . . Special Melee Weapon . | . . . . Unidentified Prototypes . | . . . . Parts Lost 18 | . 1 6 11 Power 3 | . . 2 1 Propulsion 4 | . . 2 2 Utility 2 | . . 1 1 Weapon 9 | . 1 1 7 Highest Loss Streak 7 | . 1 4 7 Average Slot Usage (%) 80 | . 82 81 76 Engine 7 | . 14 7 . Core 1 | . . . 4 Leg 16 | . 27 19 3 Wheel 1 | . . . 5 Device 10 | . 12 14 2 Storage 12 | . 1 14 22 Processor 6 | . . 8 11 Protection 2 | . . . 7 Energy Gun 17 | . 20 14 18 Ballistic Gun 1 | . . 1 2 Launcher 1 | . 5 . . Naked Turns . | . . . . Heaviest Build 45 | 5 23 41 45 Greatest Support 20 | 20 20 20 10 Greatest Overweight (x) 12 | 1 1 3 12 Average Overweight (x) 1 | . . 1 3 Largest Inventory Capacity 16 | 4 10 16 16 Average Capacity 10 | 4 4 11 16 Most Carried 12 | 4 4 12 12 Average Carried 6 | 2 3 8 9 Final Capacity 16 | 4 10 16 16 Final Carried 12 | 4 4 12 5 Class Distribution -------------------- 91% | Mutant 8% | Scavenger-Mutant Dominant Class ---------------- Mutant | -10/Materials Mutant | -9/Materials Mutant | -9/Mines Resources | -11 -10 -9 -9 ----------- Run | Scr Mat Mat Min Matter Collected 569 | 250 115 112 92 Remotely . | . . . . Salvage Created 745 | 39 126 395 185 Parts 31 | 1 10 17 3 Haulers Intercepted . | . . . . Recyclers Shooed 1 | . 1 . . Parts Field Recycled . | . . . . Retrieved Matter . | . . . . Parts Self-Destructed . | . . . . Prevented . | . . . . Kills | -11 -10 -9 -9 ------- Run | Scr Mat Mat Min Combat Hostiles Destroyed 24 | 1 6 7 10 Guns 21 | 1 3 7 10 AOE 3 | . 3 . . Classes Destroyed 5 | 1 1 2 1 Recycler 2 | . . 2 . Swarmer 7 | . 3 4 . Grunt 6 | 1 3 . 2 Sentry 3 | . . 3 . Assembled 8 | . . . 8 Best Kill Streak 7 | 1 3 6 7 Combat Bots Only 7 | 1 3 5 7 Max Kills in Single Turn 2 | 1 2 1 2 Gunslinging 1 | . . . 1 Exploded 2 | . 2 . . Melee . | . . . . Uniques/NPCs Destroyed . | . . . . Combat | -11 -10 -9 -9 -------- Run | Scr Mat Mat Min Damage Taken 1720 | 57 235 448 980 Core 413 | . 6 76 331 Absorbed by Shields . | . . . . Core Remaining (%) 98 | 100 97 . . Volleys Fired 73 | 4 12 20 37 Largest 2 | 2 2 2 2 Hottest 130 | 80 90 115 130 Shots Fired 109 | 8 13 24 64 Gun 104 | 8 8 24 64 Cannon . | . . . . Launcher 5 | . 5 . . Special . | . . . . Kinetic 18 | . . 5 13 Thermal 71 | 8 8 19 36 Explosive 5 | . 5 . . Electromagnetic 15 | . . . 15 Robot Hit Streak 13 | 2 3 13 10 Robot Miss Streak 5 | 3 2 5 4 Penetration Max . | . . . . Secondary Targets 4 | . . . 4 Max Gunslinging Chain 1 | . . . 1 Shots Hit Robots 77 | 4 6 20 47 Core Hits 65 | 2 12 16 35 Critical Hits 1 | . . . 1 Critical Kills . | . . . . Critical Parts Destroyed 1 | . . . 1 Melee Attacks . | . . . . Impact . | . . . . Slashing . | . . . . Piercing . | . . . . Sneak Attacks . | . . . . Combat Hostiles . | . . . . Follow-up Attacks . | . . . . Damage Inflicted 1222 | 56 279 266 621 Guns 999 | 56 56 266 621 Cannons . | . . . . Explosions 223 | . 223 . . Melee . | . . . . Ramming . | . . . . Kinetic 205 | . . 72 133 Thermal 612 | 56 56 194 306 Explosive 223 | . 223 . . Electromagnetic 182 | . . . 182 Impact . | . . . . Slashing . | . . . . Piercing . | . . . . Highest Corruption 3 | . . . 3 Average Corruption 3 | . . . 3 Corruption Purged . | . . . . Effects 2 | . . . 2 Message Errors 1 | . . . 1 Targeting Errors 1 | . . . 1 Overload Shots . | . . . . Overflow Damage . | . . . . Projectiles . | . . . . Explosions . | . . . . Melee . | . . . . Knockbacks . | . . . . Impact . | . . . . Kinetic . | . . . . Secondary . | . . . . Self-Inflicted Damage 39 | . 39 . . Shots 3 | . 3 . . Rammed . | . . . . Targets Rammed . | . . . . Kicked . | . . . . Crushed . | . . . . Highest Temperature 346 | 82 30 99 346 Average Temperature 87 | 41 8 24 125 Received Heat Transfer 387 | 30 84 72 201 Siege Activations . | . . . . Robots Corrupted . | . . . . Combat Hostiles . | . . . . Parts Fried . | . . . . Impact Corruptions . | . . . . Robots Melted . | . . . . Combat Hostiles . | . . . . Parts Melted 3 | 1 . . 2 Heat Transferred 1490 | 125 137 516 712 Parts Sabotaged . | . . . . Parts Stolen . | . . . . Parts Stripped . | . . . . Power Chain Reactions . | . . . . Missiles Intercepted . | . . . . Alert | -11 -10 -9 -9 ------- Run | Scr Mat Mat Min Peak Influence 219 | 20 143 219 110 Initial 85 | . 13 59 85 Average 95 | 2 84 126 87 Maximum Alert Level 1 | . . 1 . Low Security (%) 90 | 100 100 77 100 Level 1 9 | . . 22 . Level 2 . | . . . . Level 3 . | . . . . Level 4 . | . . . . Level 5 . | . . . . High Security . | . . . . Max Security . | . . . . Squads Dispatched . | . . . . Investigation . | . . . . Extermination . | . . . . Reinforcement . | . . . . Assault . | . . . . Garrison . | . . . . Intercept . | . . . . Construction Impeded . | . . . . Haulers Reinforced . | . . . . Stealth | -11 -10 -9 -9 --------- Run | Scr Mat Mat Min Distress Signals 2 | . . 2 . Communications Jammed . | . . . . Distress Signals . | . . . . Times Spotted 37 | 1 8 9 19 Peak Tracking Total 16 | 1 3 7 16 Tactical Retreats 4 | . 1 . 3 Traps | -11 -10 -9 -9 ------- Run | Scr Mat Mat Min Traps Triggered . | . . . . Indirectly . | . . . . Trap Hack Attempts . | . . . . Triggered . | . . . . Disarmed . | . . . . Reprogrammed . | . . . . Reused . | . . . . Traps Extracted . | . . . . Installed . | . . . . Triggered . | . . . . Machines | -11 -10 -9 -9 ---------- Run | Scr Mat Mat Min Machines Disabled . | . . . . Max in Single Turn . | . . . . Machines Sabotaged . | . . . . Garrisons Compromised . | . . . . Overloaded Fab Kills . | . . . . Fab Network Shutdowns . | . . . . Hacking | -11 -10 -9 -9 --------- Run | Scr Mat Mat Min Machines Accessed 3 | . 2 . 1 Terminals 1 | . . . 1 Fabricators . | . . . . Repair Stations 1 | . 1 . . Recycling Units 1 | . 1 . . Scanalyzers . | . . . . Garrison Access . | . . . . Total Hacks 4 | . 3 . 1 Successful 2 | . 1 . 1 Failed 2 | . 2 . . Catastrophic . | . . . . Database Lockouts . | . . . . Manual . | . . . . Terminals 1 | . . . 1 Fabricators . | . . . . Repair Stations 2 | . 2 . . Recycling Units 1 | . 1 . . Scanalyzers . | . . . . Garrison Access . | . . . . Terminal Hacks 1 | . . . 1 Record 1 | . . . 1 Fabricator Hacks . | . . . . Repair Station Hacks . | . . . . Recycling Unit Hacks 1 | . 1 . . Report Inventory 1 | . 1 . . Scanalyzer . | . . . . Garrison Access Hacks . | . . . . Unauthorized Hacks . | . . . . Terminals . | . . . . Fabricators . | . . . . Repair Stations . | . . . . Recycling Units . | . . . . Scanalyzers . | . . . . Garrison Access . | . . . . Data Cores Recovered . | . . . . Used . | . . . . Hacking Detections . | . . . . Full Trace Events . | . . . . Feedback Events . | . . . . Feedback Blocked . | . . . . Robot Schematics Acquired . | . . . . Robots Built . | . . . . Matter . | . . . . Time . | . . . . Total Robot Build Rating . | . . . . Part Schematics Acquired . | . . . . Parts Built . | . . . . Matter . | . . . . Time . | . . . . Total Part Build Rating . | . . . . Parts Repaired . | . . . . Time . | . . . . Parts Recycled . | . . . . Recycled Matter . | . . . . Retrieved Matter . | . . . . Retrieved Components . | . . . . Parts Scanalyzed . | . . . . Part Schematics Acquired . | . . . . Parts Damaged . | . . . . Bothacking | -11 -10 -9 -9 ------------ Run | Scr Mat Mat Min Used RIF Installer . | . . . . Robots Hacked . | . . . . Non-combat . | . . . . Combat . | . . . . Robot Hacks Applied . | . . . . Relay Couplers Released . | . . . . Robots Rewired . | . . . . Allies Hacked . | . . . . Hacks Repelled . | . . . . Allies | -11 -10 -9 -9 -------- Run | Scr Mat Mat Min Total Allies . | . . . . Largest Group . | . . . . Highest-Rated Group . | . . . . Highest-Rated Ally . | . . . . Total Orders . | . . . . Ally Attacks . | . . . . Total Damage . | . . . . Kills . | . . . . Allies Corrupted . | . . . . Allies Melted . | . . . . Intel | -11 -10 -9 -9 ------- Run | Scr Mat Mat Min Robot Analysis Total . | . . . . Derelict Logs Recovered 1 | . . . 1 Drone Launches . | . . . . Drone Recoveries . | . . . . Exploration | -11 -10 -9 -9 ------------- Run | Scr Mat Mat Min Turns Passed 975 | 77 252 389 257 Spaces Moved 530 | 81 176 180 93 Core 62 | 60 . . 2 Treads . | . . . . Legs 380 | . 176 180 24 Wheels 88 | 21 . . 67 Hover . | . . . . Flight . | . . . . Fastest Speed 50 | 50 120 150 110 Average Speed 132 | 64 121 161 154 Slowest Speed 650 | 100 150 210 650 Overloaded Moves . | . . . . Propulsion Burnouts . | . . . . Robots Hopped . | . . . . Cave-ins Triggered . | . . . . Exploration Rate (%) 21 | 6 35 20 26 Regions Visited 3 Branch Regions 1 Pre-discovered Areas 1 | . . . 1 Known Exits Taken . | . . . . Unknown Exits Taken 3 | 1 1 1 . Scrap Searched . | . . . . Spaces Dug . | . . . . Terrain Destroyed 34 | . 34 . . Melee . | . . . . Projectile . | . . . . AOE 34 | . 34 . . Terrain Rammed . | . . . . Walls Destroyed . | . . . . Machines Disabled . | . . . . Actions | -11 -10 -9 -9 --------- Run | Scr Mat Mat Min Total 693 | 96 200 254 143 Wait 27 | . . 25 2 Move 527 | 80 175 179 93 Hop . | . . . . Pick Up 28 | 7 2 17 2 Fast Attach 3 | 2 1 . . Attach 21 | 3 2 7 9 Detach 1 | . 1 . . Swap 9 | . 5 4 . Drop 4 | . 2 2 . Fire 73 | 4 12 20 37 Melee . | . . . . Ram . | . . . . Kick . | . . . . Crush . | . . . . Escape Stasis . | . . . . Rewire . | . . . . Trap . | . . . . Miscellaneous . | . . . . Route ------- -11/Scrapyard -10/Materials -9/Materials -9/Mines History --------- Turn | Location | Event 2 | -11/Scrapyard | Met Revision 17 52 | -11/Scrapyard | Discovered new exit (range 8) 78 | -11/Scrapyard | Entered Materials 305 | -10/Materials | Discovered new exit (range 10) 309 | -10/Materials | Build established: Mutant 330 | -10/Materials | Entered another Materials area 330 | -9/Materials | Evolved 2 slots: Utility x2 552 | -9/Materials | Lost 4 parts (1p1n1u1w) 626 | -9/Materials | Discovered new exit (range 10) 719 | -9/Materials | Entered Mines 827 | -9/Mines | Lost 3 parts (1n2w) 863 | -9/Mines | Assembled infested the area 891 | -9/Mines | Core integrity fell below 50% 948 | -9/Mines | Destroyed 7 combat bots 950 | -9/Mines | Core integrity fell below 20% 972 | -9/Mines | Lost 7 parts (1p1n1u4w) 976 | -9/Mines | Destroyed by as-21588 with Assembled Blade Last Messages --------------- as-35805 destroyed. T-07 Excavator is excavating. System corrupted: Particle Gun targeting data glitched. Spread Laser destroyed. as-21588 sneak attacks. Wheel destroyed. R-06 Scavenger destroyed. Particle Gun destroyed. Acquired 10 matter. Acquired 2 matter. CEWYVFQXU0FMIKLGOLITY W,BTC4,VU Destroyed Asb. Hover Unit. as-54736 suffers critical hit. Destroyed Asb. Heavy Rifle. as-54736 destroyed. Switching to secondary target: as-29896. Acquired 6 matter. Acquired 12 matter. Acquired 2 matter. Shotgun destroyed. Map ----- +----------------------------------------------------+ | ??????????????????????????????????????????? | | ??????????????????????????????????????????? | | ??????????????????????????????????????????? | | ??????????????????????????????????????????? | | ??????????????????????????????????????????? | | ??????????????????????????????????????????? | | ??????????????????????????????????????????? | | ??????????????????????????????????????????? | | ??????????????????????????????????????????? | | ??????????????????????????????????????????? | | ??????????????????????????????????????????? | | ??????????????????????????????????????????? | | ??????????????????????????????????????????? | | ??????????????????????????????????????????? | | ??????????????????????????????????????????? | | ????????????????????????###???????????????? | | ??????????????????????###T####??###???????? | | ??????????????????????# #??# ???????? | | ???????????????????#### """ #??# #???????? | | ???????????????????#*! """ #??# #???????? | | ???????????????????#%## """ #??# #???????? | | ????????????####???#%## #??# #???????? | | ????????????# ???#*## #### #????#### | | ????????????# ??#%## #??## | | ???????????## %###!############ #?## | | ???????????# t %%@aa#???######## ### | | ???????????# %###%#???# ## # | | ???????????######??#%#???# #### ### #?? | | ???????????????????#%#???????## ## #??? | | ???????????????????#%#??????## % #### | | ??????????????????# = #?????# % | | ?????????????????## %%##?# | | ?????????????????# ! #?#### ## | | ?????????????????# % #???## ###### ##? | | ?????????????????## #???####????####?? | | ??????????????????## #???????????????? | | ???????????????????## #??????????????? | | ????????????????????? ?????????????? | | ????????????????????? ???????????? | | ????????????????????? ??????????? | | ????????????????????? ?????????? | | ????????????????????? ?????????? | | ????????????????????? ??????????? | | ????????????????????? ### ??????????? | | ?????????????????????? #?? ????????????? | | ?????????????????????? #?????????????????? | | ??????????????????????###?????????????????? | | ??????????????????????????????????????????? | | ??????????????????????????????????????????? | | ??????????????????????????????????????????? | +----------------------------------------------------+ Best States ------------- Heat Dissipation 38 Energy Generation 14 Energy Capacity 160 Matter Stores 300 Matter Capacity 300 Sight Range 16 Terrain Scan Density 10 ECM Strength 1 Armor Coverage 150 Evasion (%) 50 Targeting Accuracy 6 Item Schematics ----------------- None Robot Schematics ------------------ None Fabricated ------------ Nothing Alien Tech Used ----------------- None Achievements -------------- Storm Trooper Challenges ------------ None Game ------ Seed SeismicChainAmplifier Manual? 0 Play Time 00:35:43 Cumulative 2.7 hours Start 2020.10.28 @ 20:55:11 End 2020.10.28 @ 21:42:10 Sessions 1 Manual Loads 0 Difficulty Rogue Special Mode None Game No. 3 Rogue 3 Adventurer 0 Explorer 0 Win Type - Total 0 Types 0/0/0/0/0/0/0/0/0 Lore% 1 Gallery% 6 Achievement% 3 Wizard Run 0 Options --------- ASCII 0 Keyboard 0 Movement Mouse Keybinds 0 Fullscreen 2 Font 18/SmallcapsGlow Map View 76x50 Tactical HUD 0 Map Filters NONE Filters NONE Steam 1 RUN: c2b0699d-5c9c-4916-bada-1f10343334f5